 Dungeon Crawl Stone Soup version 0.29-a0-872-g797fff5ad1 (webtiles) character file.

Game seed: 10915619249048091060

18 Hubjo the Insei (level 2, 0/22 HPs)
             Began as a Demonspawn Transmuter on June 28, 2022.
             Killed from afar by Sigmund (2 damage)
             ... with a puff of flame
             ... on level 2 of the Dungeon on July 18, 2022.
             The game lasted 00:02:34 (1372 turns).

Hubjo the Insei (Demonspawn Transmuter)             Turns: 1372, Time: 00:02:35

Health: 0/22       AC:  2    Str: 16    XL:     2   Next: 51%
Magic:  5/5        EV: 12    Int: 14    God:
Gold:   126        SH:  0    Dex: 13    Spells: 4/5 levels left

rFire   . . .      SeeInvis .     - Unarmed
rCold   . . .      Faith    .   (no shield)
rNeg    . . .      Spirit   .   a - +0 robe
rPois   .          Reflect  .   (helmet currently unavailable)
rElec   .          Harm     .   (no cloak)
rCorr   .          Rampage  .   (no gloves)
Will    .....                   (boots currently unavailable)
Stlth   +.........              (no amulet)
HPRegen 0.07/turn               l - +6 ring of strength
MPRegen 0.09/turn               (no ring)

@: confused, appendages
A: horns 2, talons 2, foul stench 1
a: End Transformation


You were on level 2 of the Dungeon.
You had temporarily grown beastly horns and talons.
You visited 1 branch of the dungeon, and saw 2 of its levels.

You collected 126 gold pieces.

Inventory:

Armour
 a - a +0 robe (worn)
Jewellery
 l - a +6 ring of strength (left hand)
Scrolls
 e - a scroll of identify {unknown}
 h - a scroll of vulnerability {unknown}
 i - a scroll of poison {unknown}
 j - a scroll of fog {unknown}
 k - a scroll of magic mapping {unknown}
Potions
 b - a potion of lignification
 c - a potion of haste {unknown}
 d - a potion of curing {unknown}
 f - a potion of magic
 g - a potion of heal wounds {unknown}


   Skills:
 + Level 1.6 Fighting
 - Level 1.7 Dodging
 + Level 2.9 Unarmed Combat
 + Level 2.2 Spellcasting
 * Level 2.1 Transmutations


You had 4 spell levels left.
You knew the following spells:

 Your Spells              Type           Power      Damage    Failure   Level
a - Beastly Appendage     Tmut           14%        N/A       10%         1

Your spell library contained the following spells:

 Spells                   Type           Power      Damage    Failure   Level
 Wereblood                Tmut           7%         N/A       14%         2
 Spider Form              Tmut/Pois      4%         N/A       41%         3
 Ice Form                 Ice/Tmut       4%         N/A       83%         4
 Petrify                  Tmut/Erth      4%         N/A       83%         4
 Metabolic Englaciation   Hex/Ice        0%         N/A       100%        5
 Statue Form              Tmut/Erth      2%         N/A       100%        6


Dungeon Overview and Level Annotations

Branches:
Dungeon (2/15)

Altars:

Annotations:
D:2 Sigmund


Innate Abilities, Weirdness & Mutations

You have temporarily grown beastly horns and talons.
You may rarely emit foul miasma when damaged in melee.


Message History

You kill the bat!
No target in view!
Your magical contamination has completely faded away.
You now have 126 gold pieces (gained 7).
Sigmund the Dreaded comes into view.
He is wielding a +0 scythe and wearing a +1 robe of the Archmagi.
Sigmund shouts!
Sigmund is nearby!
Sigmund is nearby!
You grow a pair of large bovine horns.
Your feet morph into talons.
You miscast Beastly Appendage.
You are very lightly contaminated with residual magic.
Nothing appears to happen.
Sigmund casts a spell.
Sigmund flickers and vanishes!
Deactivating autopickup; reactivate with Ctrl-A.
You extend your transformation's duration.
Something hits you.
You fail to extend your transformation any further.
A hobgoblin comes into view.
You extend your transformation's duration.
Something hits you.
You hear some strange, mumbled words.
A puff of flame appears from out of thin air!
The puff of flame hits you!
You are too injured to fight recklessly!
You are too injured to fight recklessly!
You are too injured to fight recklessly!
You hit something but do no damage. Your kick misses something.
You hit something. Your kick misses something. Your headbutt misses something.
Something hits you!
* * * LOW HITPOINT WARNING * * *
Your magical contamination has completely faded away.
It was a potion of magic.
Magic courses through your body.
You hear some strange, mumbled words.
You are confused.
You're too confused to move!
You hear some strange, mumbled words.
A puff of flame appears from out of thin air!
The puff of flame hits you.
You die...

######### #.......#
#.#####.# #.......######
######..#.........#
#..g{@..#.##.####.####
......##....##.........#
..... #.........##..#.#
.##. ##.####...##..#.#
#. ##........#...#.# #
#.........#.#.#.#
#.........#.#.#.#
#.........).....#
#.......###.#####


You could see a hobgoblin.

Vanquished Creatures
  3 ball pythons (D:1)
  2 endoplasms
  A goblin (D:2)
  3 hobgoblins
  3 bats
  A frilled lizard (D:1)
  3 kobolds
  3 rats (D:1)
19 creatures vanquished.

Notes
Turn   | Place    | Note
-------+----------+-------------------------------------------
     0 | D:1      | Hubjo the Demonspawn Transmuter began the quest for the
                  | Orb.
     0 | D:1      | Reached XP level 1. HP: 15/15 MP: 3/3
   560 | D:1      | Gained mutation: You may rarely emit foul miasma when
                  | damaged in melee. [demonic ancestry]
   560 | D:1      | Reached XP level 2. HP: 19/21 MP: 3/5
   650 | D:1      | Upgraded the game from 0.29-a0-723-gce39da1c22 to
                  | 0.29-a0-872-g797fff5ad1
   918 | D:1      | Found a faded altar of an unknown god.
  1362 | D:2      | Noticed Sigmund
  1372 | D:2      | Killed from afar by Sigmund

Illustrated notes

Levels and vault maps discovered:
D:1:      sevenhm_arrival_forest_fort_small_4, layout_loops_ring,
          shapermc_ecumenical_altar_pompeii, minmay_hexomino_f4
D:2:      cheibrodos_old_hovel, layout_loops_cross, uniq_sigmund, uniq_terence

Skill      XL: |  1  2 |
---------------+-------+-----
Transmutations | 2 |  2.1
Fighting       | |  1.6
Dodging        | |  1.7
Unarmed Combat | |  2.9
Spellcasting   | |  2.2

Action                   || total
-------------------------++-------
Melee: Unarmed           ||    50
       Headbutt          ||     5
       Kick              ||     9
       Punch             ||     1
 Cast: Beastly Appendage ||    23
  Use: Potion            ||     1
Armor: Robe              ||    15
Dodge: Dodged            ||    30

Table legend: (Time is in decaauts)
 A = Elapsed time spent in this place.
 B = Non-inter-level travel time spent in this place.
 C = Inter-level travel time spent in this place.
 D = Time resting spent in this place.
 E = Time spent auto-exploring this place.
 F = Levels seen in this place.
 G = Mean time per level.
                   A        B        C        D        E       F      G
               +--------+--------+--------+--------+--------+-----+--------+
         Total |   1375 |   1375 |      0 |      0 |   1215 |   2 |  687.5 |
       Dungeon |   1375 |   1375 |      0 |      0 |   1215 |   2 |  687.5 |
               +--------+--------+--------+--------+--------+-----+--------+

Top non-repeatable levels by time:
     D:1: 973 daAuts
     D:2: 402 daAuts
